 Dungeon Crawl Stone Soup version 0.20-a0-490-g2d938b1 (webtiles) character file.

29535 MirrMurr the Bludgeoner (level 13, -1/84 HPs)
             Began as a Gargoyle Berserker on Jan 15, 2017.
             Was a High Priest of Trog.
             Killed from afar by a wretched star (15 damage)
             ... with an orb of energy
             ... on level 2 of the Abyss.
             The game lasted 00:38:18 (14692 turns).

MirrMurr the Bludgeoner (Gargoyle Berserker)       Turns: 14692, Time: 00:38:19

Health: -1/84      AC: 33    Str: 26    XL:     13   Next: 45%
Magic:  13/13      EV:  9    Int:  8    God:    Trog [*****.]
Gold:   680        SH:  0    Dex: 13    Spells: 12/12 levels left

rFire    . . .     SeeInvis +   a - +1 demon whip (elec)
rCold    + . .     Gourm    .   i - +2 plate armour {rC+}
rNeg     + . .     Faith    .   (no shield)
rPois    ∞         Spirit   .   p - +1 helmet
rElec    +         Reflect  .   x - +0 cloak
rCorr    .         Harm     .   J - +0 pair of gloves
MR       ++...                  o - +1 pair of boots
Stlth    ..........             (no amulet)
Regen    1.0/turn               l - ring of see invisible
                                K - +4 ring of strength

@: regenerating
A: blink, blurry vision 2, negative energy resistance 1, electricity resistance,
slow regeneration 2, unbreathing, petrification resistance, rot immunity, AC +9
a: Blink, Berserk, Trog's Hand, Brothers in Arms, Burn Spellbooks, Renounce
Religion


You were on level 2 of the Abyss.
You worshipped Trog.
Trog was extremely pleased with you.
You were very hungry.

You visited 3 branches of the dungeon, and saw 14 of its levels.
You visited the Abyss 1 time.

You collected 1240 gold pieces.
You spent 560 gold pieces at shops.

Inventory:

Hand Weapons
 a - a +1 demon whip of electrocution (weapon)
 b - a +1 blowgun
 k - a +1 vampiric demon whip
Missiles
 q - a throwing net
 G - 7 javelins of returning (quivered)
 O - 78 poisoned needles
Armour
 i - a +2 plate armour of cold resistance (worn)
 o - a +1 pair of boots (worn)
 p - a +1 helmet (worn)
 x - a +0 cloak (worn)
 J - a +0 pair of gloves (worn)
Jewellery
 l - a ring of see invisible (right hand)
 B - an uncursed ring of protection from fire
 E - an uncursed ring of resist corrosion
 K - a +4 ring of strength (left hand)
 P - a cursed ring of protection from cold {unknown}
 Q - a cursed ring of teleportation {unknown}
Wands
 s - a wand of digging (20/24)
 w - a wand of scattershot (3/9)
 U - a wand of disintegration (7/24)
Scrolls
 m - 3 scrolls of teleportation
 r - 3 scrolls of remove curse
 y - 2 scrolls of enchant armour
 D - 4 scrolls of magic mapping
 M - a scroll of recharging
 T - a scroll of blinking
Potions
 e - 2 potions of haste {unknown}
 f - 3 potions of ambrosia {unknown}
 j - a potion of flight
 t - 3 potions of heal wounds
 v - 4 potions of might {unknown}
 z - 2 potions of lignification {unknown}
 A - 8 potions of curing
 C - 3 potions of cure mutation {unknown}
 H - a potion of invisibility
Comestibles
 c - 5 bread rations
 d - 8 chunks of flesh
 g - 2 royal jellies
 h - 6 meat rations
 n - 5 fruits
 u - 9 beef jerkies
 F - 2 slices of pizza


   Skills:
 + Level 10.8 Fighting
 * Level 17.2 Maces & Flails
 + Level 0.8 Throwing
 + Level 9.8 Armour
 + Level 3.5 Dodging


You had 12 spell levels left.
You didn't know any spells.

Dungeon Overview and Level Annotations

Branches:
Dungeon (10/15)            Temple (0/1) D:5            Lair (2/6) D:10
    Orc (2/2) D:10            Elf (0/3) Orc:2
  Swamp: Lair:2-4    Shoals: Lair:2-4     Snake: Lair:2-4    Spider: Lair:2-4

Altars:
Nemelex Xobeh
Ru
Vehumet
Xom
Zin
The Shining One
Beogh

Shops:
D:4 %   D:7 }   D:9 :   Orc:2 :![*

Portals:
Pandemonium: Orc:2

Annotations:
Lair:1 Promi's ghost, journeyman HuFi


Innate Abilities, Weirdness & Mutations

You are resistant to torment.
Your stone body is resilient. (AC +9)
You are immune to poison.
You resist negative energy. (rN+)
You are resistant to electric shocks. (rElec)
You can survive without breathing.
You are immune to petrification.
You are immune to rotting.
You can translocate small distances at will.
[Scrolls take you longer to read.]
[You do not regenerate when monsters are visible.]


Message History

You feel somewhat more hungry.
The wretched star pulses with an eldritch light!
Your vision blurs. x2
Things that are here:
4 chunks of flesh; a raiju skeleton
d - 8 chunks of flesh (gained 4)
The wretched star pulses with an eldritch light!
Your regeneration weakens near monsters.
Your regeneration stops near monsters.
There are no objects that can be picked up here. a raiju skeleton You see here a raiju skeleton.
You whack the wretched star!
The wretched star is lightly damaged.
You are feeling very hungry.
You whack the wretched star!
The wretched star is moderately damaged.
The wretched star glows turbulently.
The orb of energy hits you!
You die...

.. .
.. # .
. .
...
.##
....
..
..##.
..
......
.. .
#....
. # #
# ...
.. # .
#.# .
##*# .
##
##@#.
#
##÷.##
# ####
..# .
#.G
... .
.


You could see a wretched star.

Vanquished Creatures
  A tentacled starspawn (Abyss:2)
  The ghost of Eptagon the Fighter, a novice OgBe of Trog (D:8)
  A thrashing horror (Abyss:2)
  5 orc high priests (Orc:2)
  A wretched star (Abyss:2)
  A gelid demonspawn (Orc:2)
  A torturous demonspawn (Orc:2)
  Pikel (D:8)
  2 infernal demonspawn (Orc:2)
  4 orc knights (Orc:2)
  A worldbinder (Abyss:2)
  7 orc sorcerers (Orc:2)
  A cyclops (Orc:1)
  Maurice (D:8)
  A smoke demon (Abyss:2)
  An orange demon (Orc:2)
  An ice devil (Orc:2)
  A hellwing (Orc:2)
  7 trolls
  A meliai zombie (D:10)
  7 raiju (Abyss:2)
  2 hippogriffs
  Sigmund (D:2)
  A wraith (Abyss:2)
  A golden eye (Abyss:2)
  3 yaks (Lair:1)
  A hungry ghost (D:9)
  5 wargs
  2 water moccasins (Lair:1)
  A porcupine (Lair:1)
  A black bear (D:10)
  28 orc warriors
  An ice beast (D:6)
  3 phantoms
  2 sky beasts (D:10)
  A wolf (D:10)
  3 centaurs
  A necrophage (D:9)
  10 ogres
  2 crocodiles (Lair:1)
  2 big kobolds
  Blork the orc (D:5)
  3 bullfrogs
  7 scorpions
  A water moccasin skeleton (D:9)
  8 killer bees (D:10)
  6 wights
  2 electric eels (D:10)
  6 howler monkeys
  8 crimson imps
  2 centaur zombies
  2 small abominations (Abyss:2)
  15 orc wizards
  A centaur skeleton (D:10)
  23 orc priests
  7 hounds
  5 iguanas
  Ijyb (D:3)
  Jessica (D:3)
  A bullfrog skeleton (D:9)
  4 worker ants
  A hound zombie (D:4)
  2 howler monkey skeletons
  11 adders
  2 shadow imps
  An adder skeleton (D:8)
  An adder zombie (D:6)
  4 worms
  2 dart slugs
  3 leopard geckos
  65 orcs
  3 ball pythons
  2 giant cockroaches
  11 hobgoblins
  4 jackals
  4 quokkas
  2 bats
  5 frilled lizards
  10 goblins
  13 kobolds
  2 leopard gecko skeletons
  6 rats
376 creatures vanquished.

Vanquished Creatures (others)
  A large abomination (Abyss:2)
  An orc wizard (D:9)
  2 orcs
  2 starspawn tentacles (Abyss:2)
6 creatures vanquished.

Grand Total: 382 creatures vanquished

Notes
Turn   | Place    | Note
-------+----------+-------------------------------------------
     0 | D:1      | MirrMurr the Gargoyle Berserker began the quest for the Orb.
     0 | D:1      | Reached XP level 1. HP: 14/14 MP: 1/1
   123 | D:1      | Reached XP level 2. HP: 4/19 MP: 2/2
  1231 | D:2      | Reached XP level 3. HP: 20/23 MP: 3/3
  1441 | D:2      | Noticed Sigmund
  1479 | D:2      | Killed Sigmund
  1479 | D:2      | Reached ** piety under Trog
  1479 | D:2      | Reached skill level 5 in Maces & Flails
  1479 | D:2      | Reached XP level 4. HP: 20/29 MP: 4/4
  1479 | D:2      | Reached XP level 5. HP: 23/33 MP: 5/5
  1881 | D:3      | Reached XP level 6. HP: 38/38 MP: 6/6
  1896 | D:3      | Noticed Jessica
  1921 | D:3      | Killed Jessica
  2188 | D:3      | Noticed Ijyb
  2202 | D:3      | Killed Ijyb
  2202 | D:3      | Reached skill level 6 in Maces & Flails
  2490 | D:3      | Found a sacrificial altar of Ru.
  2746 | D:4      | Reached XP level 7. HP: 39/44 MP: 7/7
  2793 | D:4      | Reached skill level 7 in Maces & Flails
  3685 | D:4      | Reached XP level 8. HP: 47/48 MP: 8/8
  3708 | D:4      | Found Massakhu's Food Emporium.
  3984 | D:4      | Reached *** piety under Trog
  4041 | D:5      | Entered Level 5 of the Dungeon
  4102 | D:5      | Gained mutation: You can translocate small distances at will. [potion of beneficial mutation]
  4174 | D:5      | Found a staircase to the Ecumenical Temple.
  4174 | D:5      | Noticed Blork the orc
  4196 | D:5      | Killed Blork the orc
  4196 | D:5      | Reached skill level 8 in Maces & Flails
  4675 | D:6      | Reached skill level 5 in Armour
  4805 | D:6      | Reached skill level 9 in Maces & Flails
  5076 | D:6      | Reached skill level 5 in Fighting
  5318 | D:6      | Reached XP level 9. HP: 54/54 MP: 9/9
  5396 | D:6      | Found a shimmering altar of Xom.
  5494 | D:6      | Found a glowing silver altar of Zin.
  5842 | D:7      | Found Deklodinn's Quality Used Wands.
  5872 | D:7      | Reached skill level 10 in Maces & Flails
  5922 | D:7      | Reached **** piety under Trog
  6879 | D:8      | Found a glowing silver altar of Zin.
  7264 | D:8      | Noticed Eptagon's ghost (novice OgBe)
  7293 | D:8      | Killed Eptagon's ghost
  7293 | D:8      | Reached skill level 11 in Maces & Flails
  7589 | D:8      | Noticed Pikel
  7614 | D:8      | Killed Pikel
  7614 | D:8      | Reached XP level 10. HP: 60/60 MP: 10/10
  7671 | D:8      | Noticed Maurice
  7701 | D:8      | Killed Maurice
  7701 | D:8      | Reached skill level 12 in Maces & Flails
  7739 | D:8      | Found a glowing golden altar of the Shining One.
  7741 | D:8      | Found a sparkling altar of Nemelex Xobeh.
  7741 | D:8      | Found a radiant altar of Vehumet.
  8249 | D:9      | Found Vuuleg's Book Shop.
  8320 | D:9      | Reached ***** piety under Trog
  9088 | D:10     | Entered Level 10 of the Dungeon
  9142 | D:10     | Found a staircase to the Lair.
  9322 | D:10     | Reached skill level 13 in Maces & Flails
  9456 | D:10     | Found a roughly hewn altar of Beogh.
  9456 | D:10     | Found a staircase to the Orcish Mines.
  9667 | D:10     | Reached XP level 11. HP: 32/67 MP: 11/11
  9829 | D:10     | Received a gift from Trog
 10503 | Lair:1   | Entered Level 1 of the Lair of Beasts
 10512 | Lair:1   | Noticed Promi's ghost (journeyman HuFi)
 11212 | Orc:1    | Entered Level 1 of the Orcish Mines
 11320 | Orc:1    | Noticed a cyclops
 11325 | Orc:1    | Reached skill level 14 in Maces & Flails
 11332 | Orc:1    | Killed a cyclops
 11633 | Orc:2    | Entered Level 2 of the Orcish Mines
 11639 | Orc:2    | Found a staircase to the Elven Halls.
 12194 | Orc:2    | Noticed an orc knight
 12243 | Orc:2    | Killed an orc knight
 12691 | Orc:2    | Reached XP level 12. HP: 71/75 MP: 12/12
 12775 | Orc:2    | Reached skill level 15 in Maces & Flails
 12804 | Orc:2    | Found Jefil's General Store.
 12817 | Orc:2    | Received a gift from Trog
 12943 | Orc:2    | Found Yxinit's Distillery.
 13148 | Orc:2    | Noticed an orc high priest
 13170 | Orc:2    | Killed an orc high priest
 13328 | Orc:2    | Noticed an orc high priest
 13338 | Orc:2    | Paralysed by a chaos spawn for 3 turns
 13379 | Orc:2    | Killed an orc high priest
 13379 | Orc:2    | Reached skill level 16 in Maces & Flails
 13725 | Orc:2    | Noticed an orc high priest
 13734 | Orc:2    | Noticed an orc high priest
 13737 | Orc:2    | Noticed an orc high priest
 13741 | Orc:2    | Noticed a sun demon
 13744 | Orc:2    | Killed an orc high priest
 13744 | Orc:2    | Reached skill level 10 in Fighting
 13750 | Orc:2    | Killed an orc high priest
 13750 | Orc:2    | Reached XP level 13. HP: 52/82 MP: 13/13
 13761 | Orc:2    | Found Muteesec's Book Emporium.
 13761 | Orc:2    | Found Zewnutuv's Antique Armour Shoppe.
 13912 | Orc:2    | Found a one-way gate leading to the halls of Pandemonium.
 14095 | Orc:2    | Bought a +2 plate armour of cold resistance for 560 gold pieces
 14232 | Lair:1   | Cast into level 2 of the Abyss (Promi's ghost)
 14365 | Abyss:2  | Reached skill level 17 in Maces & Flails
 14386 | Abyss:2  | Received a gift from Trog
 14592 | Abyss:2  | Noticed a tentacled starspawn
 14612 | Abyss:2  | Killed a tentacled starspawn
 14692 | Abyss:2  | Killed from afar by a wretched star

Vault maps used:
D:1:      scummos_arrival_hexagon
D:2:      uniq_sigmund
D:3:      first_bread, nicolae_ru_the_path_less_chosen, uniq_iyjb, uniq_jessica
D:4:      serial_shops, shop, minmay_misc_feat_diagonals
D:5:      uniq_blork_the_orc
D:6:      xom_butterflies, basic_altar, mrwooster_statue_mirror
D:7:      nicolae_for_you_no_charge
D:8:      zin_academy, grunt_temple_overflow_diamond, uniq_maurice, uniq_pikel
D:9:      serial_shops, shop, grunt_ogre_cave
D:10:     erik_lair_island, david_orc_5
Lair:1:   small_statue_intersection, minivault_26
Lair:2:   spider_nest_entry_a, serial_bayou_shore_a, uniq_harold, uniq_sonja,
          uniq_erica
Orc:2:    pf_orc_diabolical

Skill      XL: |  1  2  3  4  5  6  7  8  9 10 11 12 13 |
---------------+----------------------------------------+-----
Fighting       | 4 5 6 7 8 10 | 10.8
Maces & Flails | 5 6 7 9 11 13 14 16 17 | 17.2
Dodging        | 2 3 |  3.5
Armour         | 3 4 5 6 7 8 9 |  9.8
Throwing       | |  0.8

Action                   |  1- 3 |  4- 6 |  7- 9 | 10-12 | 13-15 || total
-------------------------+-------+-------+-------+-------+-------++-------
Melee: Mace              |   143 |   161 |   651 |   424 |       ||  1379
       Morningstar       |       |       |       |   680 |       ||   680
       Demon whip        |       |       |       |    46 |   167 ||   213
 Fire: Blowgun           |       |       |     8 |       |       ||     8
Invok: Berserk           |     1 |     1 |     5 |     6 |     1 ||    14
       Burn Spellbooks   |       |       |     1 |       |       ||     1
       Trog's Hand       |       |       |       |     8 |     4 ||    12
Evoke: Wand              |       |       |     1 |       |       ||     1
  Use: Scroll            |     3 |     5 |     4 |     5 |       ||    17
       Potion            |       |       |     1 |       |       ||     1
  Eat: Chunk             |     2 |     6 |    18 |    18 |     6 ||    50
       Bread ration      |       |       |     1 |     2 |       ||     3
Armor: Animal skin       |     7 |       |       |       |       ||     7
       Ring mail         |    13 |       |       |       |       ||    13
       Plate armour      |    62 |   120 |   441 |   802 |    96 ||  1521
Dodge: Dodged            |    73 |    54 |   239 |   426 |    54 ||   846
